cohdb
Replays
Latest Replays
All Replays
Popular Replays
Top Player Replays
Match Explorer
How It Works
Community
CoH3 Stats
Reddit
Sign in to upload your games and track your stats! →
Sign in with Steam
Match 47075069
Unlisted
Match 47075069
Overview
Messages
Build Orders
End
Construct Barracks
Riflemen Squad
Riflemen Squad
Construct Weapon Support Center
Bazooka Squad
M1919 Machine Gun Team
Infantry Support Center
Construct Medical Station
M3 Armored Personnel Carrier
M3 Armored Personnel Carrier
Selects Heavy Weapons
Selects Assault Carriers
M1918 Browning Automatic Rifles
Riflemen Squad
Selects Exchangeable Parts
Selects M2HB .50cal Heavy Machine Gun
Captain Retinue
Advanced Logistics
Engineer Squad
M3 Assault Carrier
Selects Rapid Reposition
Selects Bolstered Team Weapons
Grenade Package
Construct Motor Pool
Engooeer
Brick_man
Dr. T
bigcheese
Cat
XeG4
0
0
Comments
sign in to comment!
No comments posted yet!